 Dungeon Crawl Stone Soup version 0.27-a0-1557-g57f10a385c (webtiles) character file.

Game seed: 9647898256800206141

4864 dolemite99 the Cruncher (level 10, -1/93 HPs)
             Began as a Minotaur Gladiator on July 16, 2021.
             Was an Initiate of Hepliaklqana.
             Succumbed to a gnoll sergeant's poison
             ... on level 8 of the Dungeon.
             The game lasted 00:14:33 (12495 turns).

dolemite99 the Cruncher (Minotaur Gladiator)       Turns: 12495, Time: 00:14:34

Health: -1/93      AC: 14    Str: 21    XL:     10   Next: 26%
Magic:  9/9        EV:  7    Int:  5    God:    Hepliaklqana [......]
Gold:   361        SH:  0    Dex: 13    Spells: 9/9 levels left

rFire    . . .     SeeInvis .   a - +1 quarterstaff
rCold    . . .     Faith    .   (shield currently unavailable)
rNeg     . . .     Spirit   .   I - +0 plate armour
rPois    .         Reflect  .   c - +0 hat
rElec    .         Harm     .   (no cloak)
rCorr    .         Rampage  .   q - +0 pair of gloves
Will     .....                  (no boots)
Stlth    ..........             (no amulet)
HPRegen  0.25/turn              (no ring)
MPRegen  0.11/turn              (no ring)

@: lethally poisoned (-1 -> -13), hasted, very quick
A: horns 2, retaliatory headbutt
a: Renounce Religion


You were on level 8 of the Dungeon.
You worshipped Hepliaklqana.
Hepliaklqana was noncommittal.
You visited 2 branches of the dungeon, and saw 9 of its levels.
You also visited: Ossuary.

You collected 445 gold pieces.
You spent 84 gold pieces at shops.

Inventory:

Hand Weapons
 a - a +1 quarterstaff (weapon)
 e - a +0 whip of venom
 j - a +1 vorpal trident
 v - a +0 broad axe
Missiles
 d - 3 throwing nets (quivered)
 f - 25 bolts
 i - 141 stones
 B - 5 boomerangs
 C - 6 atropa-tipped darts
 D - 59 arrows
Armour
 b - a +0 leather armour
 c - a +0 hat (worn)
 q - a +0 pair of gloves (worn)
 r - a +0 chain mail
 u - a +0 buckler
 I - a +0 plate armour (worn)
Wands
 F - a wand of iceblast (6)
Scrolls
 h - 3 scrolls of brand weapon {unknown}
 m - a scroll of magic mapping {unknown}
 p - 2 scrolls of amnesia {unknown}
 w - a scroll of torment {unknown}
 y - a scroll of fog {unknown}
 A - a scroll of vulnerability {unknown}
 E - 2 scrolls of holy word {unknown}
 H - 2 scrolls of immolation {unknown}
Potions
 g - 3 potions of magic
 l - a potion of flight
 o - a potion of ambrosia


   Skills:
 + Level 9.8 Fighting
 - Level 11.2 Staves
 + Level 7.8 Throwing
 - Level 6.1 Armour
 - Level 3.2 Dodging


You had 9 spell levels left.
You didn't know any spells.
Your spell library contained the following spells:

 Spells                   Type           Power      Damage    Failure   Level
 Static Discharge         Conj/Air       0%         N/A       100%        2
 Ozocubu's Armour         Ice            0%         N/A       100%        3
 Dispel Undead            Necr           0%         3d6       100%        4
 Sticky Flame             Conj/Fire      0%         2d3       100%        4
 Summon Lightning Spire   Summ/Air       0%         N/A       100%        4
 Ozocubu's Refrigeration  Ice            0%         4d5       100%        7
 Storm Form               Tmut/Air       0%         N/A       100%        7
 Maxwell's Capacitive Co  Air            0%         ∞         100%        8


Dungeon Overview and Level Annotations

Branches:
Dungeon (8/15)             Temple (1/1) D:6         Ossuary (visited)
   Lair: D:8-11

Altars:
Ashenzari
Cheibriados
Dithmenos
Elyvilon
Fedhas
Hepliaklqana
Kikubaaqudgha
Makhleb
Nemelex Xobeh
Okawaru
Ru
Uskayaw
Vehumet
Xom
Zin
The Shining One

Shops:
D:2 *   D:3 (

Annotations:
D:6 3 runed translucent doors, bronco's ghost, novice DrTm


Innate Abilities, Weirdness & Mutations

You have a pair of horns on your head.
You reflexively headbutt those who attack you in melee.


Message History

The gnoll hits you but does no damage.
The gnoll sergeant hits you with a +2 trident of venom.
* * * LOW HITPOINT WARNING * * *
You are lethally poisoned!
You hit the gnoll sergeant but do no damage.
The gnoll sergeant is heavily wounded.
* * * LOW HITPOINT WARNING * * *
You feel sick.
You are confused.
You feel invigorated.
* * * LOW HITPOINT WARNING * * *
You feel very sick. The orc hits you but does no damage.
The gnoll hits you but does no damage.
The gnoll sergeant hits you with a +2 trident of venom!
* * * LOW HITPOINT WARNING * * *
You are more poisoned.
There is a lethal amount of poison in your body!
* * * LOW HITPOINT WARNING * * *
You feel very sick.
* * * LOW HITPOINT WARNING * * *
You feel very sick. The gnoll sergeant closely misses you.
You see here a book of Dangerous Friends.
* * * LOW HITPOINT WARNING * * *
You feel very sick.
You see here 12 gold pieces.
An orc warrior comes into view. It is wielding a +0 trident.
* * * LOW HITPOINT WARNING * * *
You feel very sick.
The orc warrior shouts!
You hear a shout!
* * * LOW HITPOINT WARNING * * *
You feel very sick.
* * * LOW HITPOINT WARNING * * *
You feel very sick.
An orc comes into view. It is wielding a +0 hand axe.
You feel less invigorated.
You feel less confused.
* * * LOW HITPOINT WARNING * * *
You feel sick.
You die...

...... ....# #.).).
.... #.._.. ... ).).#
..### .... ... ##.. #.#
...#...######.#######
........))>.........#o#
.....####)...go.@.o..)#
##. ###)..:g......###
#.........$..........
..................####
..................#
..................#
.###..............#
#..............#
######....###########


You could see an orc warrior, a gnoll sergeant, a gnoll and 2 orcs.

Vanquished Creatures
  Maggie (D:8)
  Grinder (D:4)
  Sigmund (D:3)
  5 yaks
  2 steam dragons
  Menkaure (D:4)
  2 water moccasins
  Duvessa (D:7)
  An ice beast (D:8)
  2 orc warriors
  A black bear (D:7)
  A necrophage (D:3)
  A centaur (D:6)
  2 phantoms
  A kobold brigand (D:7)
  2 bullfrogs (D:6)
  A gnoll sergeant (D:7)
  3 scorpions
  A wyvern zombie (D:6)
  Dowan (D:7)
  4 killer bees (D:8)
  5 wights (D:7)
  5 centaur zombies (Ossuary)
  2 jellies
  2 orc priests (D:5)
  A centaur skeleton (D:5)
  A human zombie (Ossuary)
  3 hounds (D:5)
  Jessica (D:2)
  5 iguanas
  Natasha (thrice) (D:2)
  Terence (D:2)
  8 orc wizards
  A hound zombie (Ossuary)
  3 mummies (Ossuary)
  2 howler monkey zombies
  7 gnolls
  A howler monkey skeleton (D:4)
  4 adders
  2 adder zombies (Ossuary)
  2 worms
  2 dart slugs (D:1)
  30 orcs
  4 endoplasms
  A giant cockroach (D:4)
  A gnoll zombie (Ossuary)
  8 goblins
  5 hobgoblins
  7 jackals
  4 quokkas
  9 ball pythons
  4 bats
  3 frilled lizards
  3 goblin zombies (Ossuary)
  6 hobgoblin zombies (Ossuary)
  5 jackal zombies (Ossuary)
  10 kobolds
  4 kobold zombies (Ossuary)
  An orc zombie (Ossuary)
  3 quokka zombies (Ossuary)
  3 rats
207 creatures vanquished.

Vanquished Creatures (others)
  2 fungi (D:6)
  2 plants (D:6)
4 creatures vanquished.

Grand Total: 211 creatures vanquished

Notes
Turn   | Place    | Note
-------+----------+-------------------------------------------
     0 | D:1      | dolemite99 the Minotaur Gladiator began the quest for the
                  | Orb.
     0 | D:1      | Reached XP level 1. HP: 18/18 MP: 0/0
   380 | D:1      | Reached skill level 4 in Staves
   463 | D:1      | Reached XP level 2. HP: 25/25 MP: 1/1
  1097 | D:1      | Reached skill level 5 in Staves
  1470 | D:2      | Noticed Natasha
  1471 | D:2      | Noticed Jessica
  1475 | D:2      | Killed Natasha
  1476 | D:2      | Reached XP level 3. HP: 19/30 MP: 2/2
  1483 | D:2      | Killed Jessica
  1484 | D:2      | Reached skill level 6 in Staves
  1484 | D:2      | Reached XP level 4. HP: 8/37 MP: 3/3
  2281 | D:2      | Noticed Natasha
  2288 | D:2      | Killed Natasha
  2415 | D:2      | Found Gemyxt's General Store.
  2541 | D:2      | Noticed Natasha
  2548 | D:2      | Killed Natasha
  2549 | D:2      | Reached skill level 7 in Staves
  2549 | D:2      | Reached XP level 5. HP: 37/42 MP: 4/4
  2750 | D:2      | Noticed Terence
  2762 | D:2      | Killed Terence
  3028 | D:2      | Found a faded altar of an unknown god.
  3297 | D:3      | Found Wunaa's Weapon Emporium.
  3412 | D:2      | Bought a potion of might for 52 gold pieces
  3941 | D:3      | Noticed a necrophage
  3967 | D:3      | Killed a necrophage
  3968 | D:3      | Reached skill level 8 in Staves
  3968 | D:3      | Reached XP level 6. HP: 30/50 MP: 5/5
  4287 | D:3      | Noticed Sigmund
  4298 | D:3      | Killed Sigmund
  4299 | D:3      | Reached skill level 9 in Staves
  5085 | D:4      | Noticed Grinder
  5090 | D:4      | Reached XP level 7. HP: 42/56 MP: 6/6
  5091 | D:4      | Killed Grinder
  5092 | D:4      | Reached skill level 10 in Staves
  5224 | D:4      | Found a sand-covered staircase.
  5234 | Ossuary  | Entered an ossuary
  5299 | Ossuary  | Reached skill level 11 in Staves
  5533 | Ossuary  | Reached XP level 8. HP: 58/63 MP: 7/7
  5822 | D:4      | Reached skill level 5 in Fighting
  5887 | D:4      | Noticed Menkaure
  5896 | D:4      | Killed Menkaure
  6248 | D:5      | Entered Level 5 of the Dungeon
  6377 | D:5      | Reached skill level 5 in Armour
  7997 | D:2      | Bought 5 boomerangs for 32 gold pieces
  8094 | D:6      | Reached XP level 9. HP: 57/74 MP: 8/8
  8284 | D:6      | Found a staircase to the Ecumenical Temple.
  8985 | D:6      | Found a runed translucent gate.
  8985 | D:6      | Found a runed translucent gate.
  9002 | D:6      | Found a runed translucent gate.
  9150 | D:6      | Noticed bronco's ghost (novice DrTm)
  9328 | Temple   | Entered the Ecumenical Temple
  9427 | Temple   | Became a worshipper of Hepliaklqana the Forgotten
  9656 | D:7      | Reached skill level 5 in Throwing
 10124 | D:7      | Noticed Dowan
 10134 | D:7      | Killed Dowan
 10140 | D:7      | Noticed Duvessa
 10163 | D:7      | Killed Duvessa
 11365 | D:7      | Reached XP level 10. HP: 66/91 MP: 9/9
 12221 | D:8      | Noticed Maggie
 12428 | D:8      | Killed Maggie
 12450 | D:8      | Found an iron altar of Okawaru.
 12490 | D:8      | HP: 4/93 [poisoned by a gnoll sergeant]
 12495 | D:8      | Succumbed to a gnoll sergeant's poison

Illustrated notes

Levels and vault maps discovered:
D:1:      nagdon_arrival_double_spiral, layout_basic, minmay_surrounded
D:2:      layout_loops_ring, serial_shops, nicolae_shop_stone,
          chequers_ecumenical_altar_island, minivault_25, grunt_ministairs_10,
          uniq_crazy_yiuf_cottage, uniq_terence, uniq_natasha, uniq_jessica
D:3:      layout_basic, serial_shops, shop, uniq_sigmund
D:4:      layout_rooms, enter_ossuary_1, bh_walls_and_bars, uniq_grinder,
          uniq_menkaure
D:5:      layout_basic
D:6:      layout_loops_cross, minmay_temple_entry_grid,
          gammafunk_ghost_nasty_kobolds, minmay_misc_feat_cross, minivault_22
D:7:      layout_cave_pods, uniq_duvessa
D:8:      layout_basic, okawaru_ov_weapons_minmay,
          chequers_temple_overflow_minitemple, uniq_maggie
Temple:   regret_index_temple_waves

Skill      XL: |  1  2  3  4  5  6  7  8  9 |
---------------+----------------------------+-----
Staves         | 4 5 6 7 8 9 11 | 11.2
Fighting       | 3 5 9 |  9.8
Armour         | 6 |  6.1
Throwing       | 3 7 |  7.8
Dodging        | |  3.2

Action                   |  1- 3 |  4- 6 |  7- 9 | 10-12 || total
-------------------------+-------+-------+-------+-------++-------
Melee: Quarterstaff      |    51 |   145 |   296 |    56 ||   548
       Headbutt          |     7 |    18 |    60 |    11 ||    96
Throw: Throwing net      |       |     2 |       |       ||     2
       Dart              |       |       |   112 |    12 ||   124
       Boomerang         |       |       |    32 |    14 ||    46
Evoke: Wand              |       |       |     4 |    13 ||    17
  Use: Potion            |       |     2 |     2 |     9 ||    13
       Scroll            |       |       |    10 |     4 ||    14
 Stab: Held in net/web   |       |     3 |       |       ||     3
Armor: Leather armour    |     8 |       |       |       ||     8
       Scale mail        |     1 |    11 |       |       ||    12
       Chain mail        |       |    37 |   132 |     2 ||   171
       Skin              |       |       |    16 |       ||    16
       Plate armour      |       |       |       |    29 ||    29
Dodge: Dodged            |    36 |    50 |   101 |    17 ||   204

Table legend: (Time is in decaauts)
 A = Elapsed time spent in this place.
 B = Non-inter-level travel time spent in this place.
 C = Inter-level travel time spent in this place.
 D = Time resting spent in this place.
 E = Time spent auto-exploring this place.
 F = Levels seen in this place.
 G = Mean time per level.
                   A        B        C        D        E       F      G
               +--------+--------+--------+--------+--------+-----+--------+
         Total |  12411 |  11429 |    982 |   4498 |   5151 |  10 | 1241.1 |
       Dungeon |  11788 |  10877 |    911 |   4498 |   4759 |   8 | 1473.5 |
        Temple |    148 |     78 |     70 |      0 |     75 |   1 |  148.0 |
       Ossuary |    474 |    474 |      0 |      0 |    317 |   1 |  474.0 |
               +--------+--------+--------+--------+--------+-----+--------+

Top non-repeatable levels by time:
     D:7: 2242 daAuts
     D:2: 2014 daAuts
     D:1: 1499 daAuts
     D:3: 1491 daAuts
     D:6: 1469 daAuts
     D:5: 1381 daAuts
     D:4: 1370 daAuts
 Ossuary: 474 daAuts
     D:8: 319 daAuts
  Temple: 148 daAuts
